Map: Tours du crépuscule

Players

huligan - Winner!

  • Race: Terran Terran
  • Spawn Location: 1:00

zidar

  • Race: Zerg Zerg
  • League: Gold
  • Spawn Location: 7:00

VOD

Have the link to the VOD?

Description

Time

  • Played on: June 20, 2016, 10:44 a.m.
  • Length: 4:19
Show
View Real Time Build Order
Export as new Build Order

huligan Terran - Winner!

Build Orders:  

Get SALT Encoding   

  12  0:18  Supply Depot  
  12  0:46  Barracks x2  
  12  0:51  SCV  
  13  1:02  Refinery  
  13  1:03  SCV  
  14  1:26  Supply Depot  
  14  1:33  Marine, Barracks  
  14  1:36  Marine  
  16  1:52  Marine  
  17  1:54  Marine  
  18  2:02  Barracks  
  18  2:11  Marine  
  18  2:13  Marine  
  20  2:19  Marine  
  21  2:28  Supply Depot  
  21  2:33  Marine  
  22  2:38  Marine  
  22  2:43  Marine  
  24  2:51  Marine  
  25  3:00  Marine x2  
  27  3:09  Bunker  
  27  3:20  Marine  
  27  3:21  Marine  
  29  3:29  Marine x2  
Show
View Real Time Build Order
Export as new Build Order

zidar Zerg 

Build Orders: Pool First 

Get SALT Encoding   

  12  0:01  Drone  
  13  0:12  Overlord  
  13  0:17  Drone  
  14  0:30  Drone x2  
  16  0:42  Spawning Pool  
  16  0:56  Hatchery, Drone  
  16  1:00  Extractor  
  16  1:01  Drone  
  16  1:18  Spawning Pool  
  15  1:22  Drone  
  15  1:25  Drone  
  17  1:29  Drone  
  18  1:38  Overlord  
  18  1:44  Drone  
  19  2:06  Queen  
  19  2:08  Zergling x4  
  23  2:09  Metabolic Boost  
  23  2:17  Queen  
  23  2:21  Drone  
  26  2:24  Drone  
  26  2:26  Zergling x2  
  28  2:41  Drone x2  
  28  2:42  Baneling Nest  
  28  2:43  Drone  
  30  3:03  Pneumatized Carapace  
  33  3:05  Drone x5  
  35  3:17  Zergling x4  
  31  3:31  Zergling x8  
  35  3:35  Baneling  
  30  4:02  Spine Crawler  
  24  4:03  Spine Crawler  
Tags
 
League
Gold
Matchup
TvZ
Opening
Pool First
Spawn Locations
Cross Positions
Add a new tag
Caveats
  • Supply blocks, unpowered buildings, or Contaminate may cause inaccurate times.
  • Supply counts are checked every 10 seconds.